AoeStats
← Jesulito123

Black Forest

511800002Analyzed
4v4 RM · 13d ago on Oct 6, 2026· 54m 46s· 8 players
Game mode
Random Map
Map size
Large (8 player)
Population
200
Speed
Normal
Resources
Standard
Victory
Conquest
Starting age
Dark Age
Ending age
Imperial Age
RankedLock teamsTeams togetherTeam positionsShared explorationLock speedFull tech treeHidden civsTurbo modeCheats
Victory
Defeat
🇪🇸 Spanish · Spain
1065
+11
🇵🇪 Khmer · Peru
1029
+13
🇧🇷 Turks · Brazil
957
+16
🇫🇷 Spanish · France
830
+21
vs
🇹🇷 Huns · Türkiye
974
-16
🇫🇷 Georgians · France
950
-15
🇩🇪 Spanish · Germany
947
-15
🇹🇷 Bengalis · Türkiye
940
-15
runningelmi
0:26 Loom
13:09 Feudal Age
17:29 Castle Age
16:00 Double-Bit Axe
17:09 Stone Mining
18:24 Horse Collar
22:24 Heavy Plow
24:39 Bow Saw
26:03 Bloodlines
27:58 Scale Barding Armor
28:02 Padded Archer Armor
29:26 Chain Barding Armor
32:36 Fortified Wall
34:33 Murder Holes
40:10 Wheelbarrow
39:14 Pikeman
39:46 Elite Skirmisher
40:32 Thumb Ring
42:51 Hand Cart
45:46 Forging
45:36 Scale Mail Armor
46:15 Squires
46:00 Arson
50:39 Imperial Age
48:26 Hand Cart
47:56 Town Watch
52:00 Iron Casting
51:40 Chain Mail Armor
51:41 Leather Archer Armor
52:02 Plate Barding Armor
51:18 Fletching
squeezecheese21
2:42 Loom
15:06 Feudal Age
15:41 Town Watch
16:32 Wheelbarrow
16:35 Horse Collar
16:43 Double-Bit Axe
19:26 Stone Mining
24:55 Castle Age
24:31 Padded Archer Armor
24:29 Fletching
25:00 Gold Mining
25:57 Hand Cart
27:52 Heavy Plow
28:12 Bow Saw
27:59 Bodkin Arrow
28:38 Leather Archer Armor
28:58 Bloodlines
28:48 Husbandry
34:29 Imperial Age
33:51 Gold Shaft Mining
35:00 Paiks
35:26 Ballistics
35:20 Bracer
36:37 Two-Man Saw
36:38 Conscription
37:35 Chemistry
37:06 Ring Archer Armor
37:26 Crop Rotation
37:38 Coinage
37:50 Elite Ratha (Ranged)
39:34 Banking
39:15 Guilds
39:17 Caravan
42:00 Elite Elephant Archer
42:54 Masonry
45:48 Mahayana
alabataille
10:03 Feudal Age
11:15 Double-Bit Axe
12:55 Horse Collar
17:39 Castle Age
18:52 Bow Saw
19:23 Heavy Plow
21:17 Wheelbarrow
24:42 Hand Cart
33:03 Imperial Age
31:14 Scale Barding Armor
31:20 Forging
32:38 Bloodlines
32:31 Husbandry
31:54 Light Cavalry
33:22 Chain Barding Armor
33:38 Iron Casting
34:40 Crop Rotation
34:36 Conscription
34:23 Aznauri Cavalry
35:11 Plate Barding Armor
35:50 Caravan
35:19 Elite Monaspa
37:45 Hoardings
40:21 Blast Furnace
39:00 Hussar
[JRA]BATU
6:10 Loom
11:27 Feudal Age
17:07 Castle Age
15:26 Horse Collar
16:37 Double-Bit Axe
17:36 Gold Mining
25:53 Wheelbarrow
25:46 Stone Mining
27:37 Bow Saw
27:36 Heavy Plow
29:52 Gold Shaft Mining
30:45 Bloodlines
30:36 Husbandry
31:36 Scale Barding Armor
31:42 Forging
32:44 Hand Cart
32:14 Town Watch
35:39 Imperial Age
33:54 Chain Barding Armor
36:46 Conscription
35:51 Cavalier
37:08 Plate Barding Armor
37:10 Caravan
39:18 Paladin
46:21 Town Patrol
46:59 Iron Casting
49:27 Two-Man Saw
ramonludtke
0:58 Loom
12:46 Feudal Age
13:26 Double-Bit Axe
21:28 Castle Age
20:50 Horse Collar
23:41 Bow Saw
24:34 Heavy Plow
27:00 Fletching
27:26 Fortified Wall
28:26 Padded Archer Armor
31:07 Leather Archer Armor
30:47 Bodkin Arrow
34:53 Imperial Age
35:22 Stone Mining
35:24 Gold Mining
42:00 Gold Shaft Mining
43:54 Elite Janissary
46:36 Caravan
49:24 Ring Archer Armor
SAUB
0:41 Loom
12:42 Feudal Age
14:33 Horse Collar
20:21 Castle Age
18:51 Double-Bit Axe
20:23 Wheelbarrow
21:57 Heavy Plow
32:15 Imperial Age
30:17 Ballistics
31:04 Gold Mining
32:41 Gold Shaft Mining
32:08 Fletching
32:51 Padded Archer Armor
32:48 Bodkin Arrow
33:54 Hand Cart
34:48 Crop Rotation
35:22 Scale Barding Armor
36:40 Bracer
36:55 Leather Archer Armor
37:34 Bow Saw
37:19 Stone Mining
37:33 Town Watch
38:22 Ring Archer Armor
38:37 Elite Ballista Elephant
39:39 Caravan
40:15 Coinage
40:10 Chain Barding Armor
40:02 Forging
40:05 Bloodlines
39:16 Light Cavalry
40:36 Double Crossbow
43:16 Hussar
43:57 Husbandry
44:37 Plate Barding Armor
44:39 Iron Casting
47:05 Town Patrol
49:31 Elite Skirmisher
52:44 Blast Furnace
51:47 Scale Mail Armor
52:19 Banking
FoXx
0:27 Loom
13:12 Feudal Age
14:50 Horse Collar
16:24 Double-Bit Axe
20:26 Castle Age
18:39 Stone Mining
20:14 Gold Mining
21:28 Bow Saw
28:26 Town Watch
29:17 Wheelbarrow
28:45 Caravan
31:02 Husbandry
31:17 Forging
31:13 Scale Barding Armor
31:15 Heavy Plow
31:34 Bloodlines
33:19 Coinage
33:28 Iron Casting
33:21 Chain Barding Armor
37:05 Imperial Age
34:54 Hand Cart
37:12 Cavalier
38:57 Blast Furnace
38:32 Plate Barding Armor
38:20 Conscription
38:56 Paladin
39:53 Town Patrol
39:48 Fletching
41:33 Hoardings
41:22 Supremacy
41:28 Ballistics
41:19 Fortified Wall
41:05 Murder Holes
43:20 Chemistry
42:06 Arrowslits
42:32 Masonry
41:57 Sappers
50:46 Bodkin Arrow
51:24 Architecture
51:17 Bombard Tower
52:39 Banking
52:24 Guilds
55:14 Bracer
Jesulito123
3:13 Loom
11:19 Feudal Age
15:44 Castle Age
14:02 Double-Bit Axe
16:39 Bow Saw
17:09 Horse Collar
19:26 Heavy Plow
22:32 Herbal Medicine
24:28 Wheelbarrow
27:43 Imperial Age
26:34 Hand Cart
26:04 Town Watch
27:37 Bloodlines
27:27 Husbandry
28:04 Forging
28:00 Scale Barding Armor
27:57 Stone Mining
28:00 Gold Mining
28:30 Caravan
29:04 Cavalier
30:52 Capped Ram
32:47 Iron Casting
32:32 Chain Barding Armor
32:04 Fletching
32:36 Conscription
33:10 Paladin
38:53 Plate Barding Armor
39:18 Blast Furnace
38:55 Bodkin Arrow
40:04 Siege Ram
44:27 Chemistry
43:48 Ballistics
42:57 Light Cavalry
48:20 Bracer
48:20 Padded Archer Armor
50:15 Murder Holes
50:30 Masonry
50:52 Elite Skirmisher
51:37 Thumb Ring
53:36 Coinage
Connection lost

Rejoining the realm…

Still unreachable

The connection could not be restored.

Session expired

The server has moved on; the page needs a fresh start.